 Dungeon Sprint DCSS version 0.22-a0-224-g8cf3520 (webtiles) character file.

4983 pokedragonboy the Commander (level 10, -3/72 HPs)
             Began as a Gargoyle Fighter on Feb 20, 2018.
             Was a High Priest of Okawaru.
             Slain by a death yak (9 damage)
             ... in the Dungeon (Sprint VII: "The Pits").
             The game lasted 00:04:36 (1558 turns).

pokedragonboy the Commander (Gargoyle Fighter)      Turns: 1558, Time: 00:04:37

Health: -3/72      AC: 28    Str: 24    XL:     10   Next: 53%
Magic:  22/22      EV:  5    Int: 11    God:    Okawaru [*****.]
Gold:   0          SH:  9    Dex:  9    Spells: 9/9 levels left

rFire    . . .     SeeInvis .   b - +1 broad axe (elec)
rCold    . . .     Gourm    .   c - +0 shield
rNeg     + . .     Faith    .   d - +0 plate armour
rPois    ∞         Spirit   .   u - +0 helmet
rElec    +         Reflect  .   p - +0 cloak
rCorr    .         Harm     .   (no gloves)
MR       .....     NoTele   +   (no boots)
Stlth    ..........             (no amulet)
HPRegen  0.22/turn              s - +3 ring of protection
MPRegen  0.18/turn              e - +3 ring of intelligence

@: no status effects
A: negative energy resistance 1, electricity resistance, unbreathing,
petrification resistance, rot immunity, AC +7
a: Heroism, Finesse, Renounce Religion


You were in the Dungeon.
You worshipped Okawaru.
Okawaru was extremely pleased with you.
You were not hungry.

You visited 1 branch

Inventory:

Hand Weapons
 b - a +1 broad axe of electrocution (weapon)
Armour
 c - a +0 shield (worn)
 d - a +0 plate armour (worn)
 p - a +0 cloak (worn)
 u - a +0 helmet (worn)
Jewellery
 e - a +3 ring of intelligence (right hand)
 s - a +3 ring of protection (left hand)
Scrolls
 k - a scroll of blinking
 m - 3 scrolls of remove curse
 n - 5 scrolls of amnesia
 o - a scroll of summoning
Potions
 g - a potion of lignification {unknown}
 h - a potion of haste
 i - 4 potions of magic
 j - 5 potions of berserk rage
 l - 2 potions of invisibility
 q - 5 potions of heal wounds
 r - 9 potions of curing
 t - a potion of agility
Comestibles
 f - 9 rations


   Skills:
 + Level 12.3 Fighting
 + Level 10.4 Axes
 + Level 12.3 Armour
 - Level 3.2 Shields
 * Level 16.0 Invocations


You had 9 spell levels left.
You didn't know any spells.

Dungeon Overview and Level Annotations

Branches:
Dungeon (1/1)

Altars:
Ashenzari
Cheibriados
Dithmenos
Elyvilon
Fedhas
Gozag
Hepliaklqana
Kikubaaqudgha
Makhleb
Nemelex Xobeh
Okawaru
Qazlal
Ru
Sif Muna
Trog
Uskayaw
Vehumet
Wu Jian
Xom
Yredelemnul
Zin
The Shining One
Beogh
Jiyva
Lugonu


Innate Abilities, Weirdness & Mutations

You are resistant to torment.
Your stone body is resilient. (AC +7)
You are immune to poison.
You resist negative energy. (rN+)
You are resistant to electric shocks. (rElec)
You can survive without breathing.
You are immune to petrification.
You are immune to rotting.


Message History

Unknown command.
You barely miss the death yak.
The death yak is severely wounded.
You hit the komodo dragon but do no damage.
You slash something!
Something hits you but does no damage. x3
The death yak gores you but does no damage.
The komodo dragon closely misses you.
Unknown command.
Unknown command.
You slash the death yak!
The death yak is almost dead.
You miss something.
You hit the komodo dragon but do no damage.
Something hits you but does no damage. You block something's attack.
The death yak gores you.
* * * LOW HITPOINT WARNING * * *
The komodo dragon bites you!
* * * LOW HITPOINT WARNING * * *
The death yak gores you!
You die...

####'#####''######
#.......##''#####
#.......##......#
#.......##......#
#...<...###....## ###
#.......# ##))## ##..+
#.......###.)..###....#
#.......##......#{...#
##########......@Y...+
##########......#l...#
...#..[[###()..###....#
...#..[[# ##''## ##..+
...'..))# #.[..# ###
...#..))##......#
...#..))##......#
#################


You could see a death yak and a komodo dragon.

Vanquished Creatures
  Gastronok (D)
  A death yak (D)
  An orc high priest (D)
  A molten gargoyle (D)
  2 orange demons (D)
  A hornet (D)
  A wyvern (D)
  A warg (D)
  A floating eye (D)
  A water moccasin (D)
  2 orc warriors (D)
  A wolf (D)
  7 wights (D)
  A quasit (D)
  Crazy Yiuf (D)
  Jessica (D)
  2 orc wizards (D)
  A worker ant (D)
  2 river rats (D)
  An ufetubus (D)
  An ooze (D)
  An adder skeleton (D)
  An adder zombie (D)
  A leopard gecko (D)
  A bat (D)
  A goblin (D)
  2 jackals (D)
  2 ball pythons (D)
40 creatures vanquished.

Notes
Turn   | Place    | Note
-------+----------+-------------------------------------------
     0 | D        | pokedragonboy the Gargoyle Fighter began the quest for the Orb.
     0 | D        | Reached XP level 1. HP: 14/14 MP: 1/1
    52 | D        | Found a bloodstained altar of Trog.
    52 | D        | Found a deep blue altar of Sif Muna.
    52 | D        | Found a viscous altar of Jiyva.
    52 | D        | Found a hazy altar of Hepliaklqana.
    52 | D        | Found an opulent altar of Gozag.
    54 | D        | Found a glowing golden altar of the Shining One.
    54 | D        | Found a glowing silver altar of Zin.
    54 | D        | Found a basalt altar of Yredelemnul.
    54 | D        | Found a shimmering altar of Xom.
    54 | D        | Found an ornate altar of the Wu Jian Council.
    54 | D        | Found a sacrificial altar of Ru.
    54 | D        | Found a stormy altar of Qazlal.
    54 | D        | Found an iron altar of Okawaru.
    54 | D        | Found a sparkling altar of Nemelex Xobeh.
    54 | D        | Found a burning altar of Makhleb.
    54 | D        | Found a blossoming altar of Fedhas.
    54 | D        | Found a white marble altar of Elyvilon.
    54 | D        | Found a shadowy altar of Dithmenos.
    54 | D        | Found a snail-covered altar of Cheibriados.
    57 | D        | Found a radiant altar of Vehumet.
    57 | D        | Found a corrupted altar of Lugonu.
    57 | D        | Found a roughly hewn altar of Beogh.
    58 | D        | Found a hide-covered altar of Uskayaw.
    58 | D        | Found an ancient bone altar of Kikubaaqudgha.
    58 | D        | Found a shattered altar of Ashenzari.
    63 | D        | Became a worshipper of Warmaster Okawaru
    98 | D        | Noticed a floating eye
   100 | D        | Killed a floating eye
   100 | D        | Reached skill level 5 in Fighting
   100 | D        | Reached skill level 5 in Armour
   100 | D        | Reached skill level 5 in Invocations
   100 | D        | Reached XP level 2. HP: 21/21 MP: 1/5
   100 | D        | Reached XP level 3. HP: 26/26 MP: 1/7
   100 | D        | Reached XP level 4. HP: 31/31 MP: 1/8
   125 | D        | Noticed Crazy Yiuf
   130 | D        | Noticed a warg
   131 | D        | Noticed Jessica
   132 | D        | Noticed a wolf
   132 | D        | Killed Crazy Yiuf
   132 | D        | Reached * piety under Okawaru
   132 | D        | Reached skill level 6 in Invocations
   132 | D        | Reached XP level 5. HP: 22/36 MP: 4/9
   142 | D        | Killed a warg
   142 | D        | Reached skill level 5 in Axes
   142 | D        | Reached skill level 8 in Invocations
   142 | D        | Reached XP level 6. HP: 18/42 MP: 5/12
   148 | D        | Killed Jessica
   155 | D        | Reached skill level 9 in Invocations
   244 | D        | Noticed a water moccasin
   257 | D        | Killed a water moccasin
   257 | D        | Reached ** piety under Okawaru
   257 | D        | Reached XP level 7. HP: 30/48 MP: 12/14
   368 | D        | Noticed an orange demon
   379 | D        | Killed an orange demon
   379 | D        | Reached skill level 11 in Invocations
   686 | D        | Noticed an orc high priest
   686 | D        | Noticed a wyvern
   687 | D        | Noticed an ice devil
   695 | D        | Reached XP level 8. HP: 45/56 MP: 13/16
   702 | D        | Noticed a rust devil
   702 | D        | Killed a wyvern
   702 | D        | Reached *** piety under Okawaru
   702 | D        | Reached skill level 12 in Invocations
   709 | D        | Killed an orc high priest
   709 | D        | Reached skill level 10 in Fighting
   709 | D        | Reached skill level 10 in Armour
   709 | D        | Reached skill level 13 in Invocations
   709 | D        | Reached XP level 9. HP: 6/62 MP: 15/18
  1245 | D        | Noticed a hornet
  1245 | D        | Noticed a death yak
  1250 | D        | Killed a hornet
  1257 | D        | Killed a death yak
  1257 | D        | Reached **** piety under Okawaru
  1257 | D        | Reached skill level 14 in Invocations
  1287 | D        | Noticed Gastronok
  1287 | D        | Noticed an orange demon
  1287 | D        | Noticed a molten gargoyle
  1303 | D        | Killed a molten gargoyle
  1305 | D        | Killed Gastronok
  1305 | D        | Reached ***** piety under Okawaru
  1305 | D        | Received a gift from Okawaru
  1305 | D        | Reached skill level 10 in Axes
  1305 | D        | Reached skill level 15 in Invocations
  1305 | D        | Reached XP level 10. HP: 22/71 MP: 19/21
  1323 | D        | Killed an orange demon
  1323 | D        | Reached skill level 16 in Invocations
  1546 | D        | Noticed a death yak
  1558 | D        | Slain by a death yak

Vault maps used:
D:        pitsprint

Skill      XL: |  1  2  3  4  5  6  7  8  9 10 |
---------------+-------------------------------+-----
Axes           | 4 5 6 7 8 10 | 10.4
Fighting       | 5 6 7 9 10 12 | 12.3
Armour         | 5 6 7 9 10 12 | 12.3
Invocations    | 5 6 8 9 11 13 15 16 | 16.0
Shields        | |  3.2

Action                   |  1- 3 |  4- 6 |  7- 9 | 10-12 || total
-------------------------+-------+-------+-------+-------++-------
Melee: War axe           |     7 |    39 |    65 |       ||   111
       Broad axe         |       |       |    45 |    11 ||    56
Invok: Heroism           |       |       |     2 |       ||     2
  Use: Potion            |       |     1 |     4 |       ||     5
 Stab: Invisible         |       |     2 |       |       ||     2
  Eat: Chunk             |       |       |     1 |     1 ||     2
Armor: Scale mail        |     9 |    16 |    57 |       ||    82
       Plate armour      |       |       |    47 |    34 ||    81
Dodge: Dodged            |     1 |    20 |    55 |     4 ||    80
Block: Shield            |     3 |    32 |    78 |     9 ||   122

Table legend:
 A = Spawn XP
 B = Non-spawn XP
 C = Spawn XP percentage of total XP
 D = Spawn monster count
 E = Non-spawn monster count
 F = Spawn count percentage of total count
 G = Total turns spent on level
                    A         B        C        D         E        F      G
               +---------+---------+-------+---------+---------+-------+---------
         Total |       0 |    7119 |   0.0 |       0 |      40 |   0.0 |  1558
               +---------+---------+-------+---------+---------+-------+---------
             D |       0 |    7119 |   0.0 |       0 |      40 |   0.0 |  1558
               +---------+---------+-------+---------+---------+-------+---------
